 Dungeon Crawl Stone Soup version 0.30-a0-1066-g63dfefce0d (webtiles) character file.

Game seed: 17794577731779659893

724240 serber55 the Englaciator (level 27, -2/216 (233) HPs)
             Began as a Merfolk Ice Elementalist on Apr 4, 2023.
             Was a High Priest of the Shining One.
             Slain by an iron golem (16 damage)
             ... on level 1 of the Iron City of Dis on Apr 13, 2023.
             The game lasted 08:22:38 (93599 turns).

serber55 the Englaciator (MfIE)                    Turns: 93599, Time: 08:22:38

HP:   -2/216 (233)  AC: 24    Str:  5 (11) XL:     27
MP:   33/55         EV: 23    Int: 31      God:    the Shining One [*****.]
Gold: 5081          SH:  8    Dex: 12 (16) Spells: 22/65 levels left

rFire   + . .      SeeInvis +    H - +18 lance "Wyrmbane" {slay drac, rPois rF+ rC+ AC+3}
rCold   + + +      Faith    .    u - +3 buckler {rN+}
rNeg    + + +      Spirit   .    G - +5 steam dragon scales
rPois   +          Reflect  .    x - +0 helmet of Terror {*Corrode *Slow rF++ rC+++}
rElec   +          Rampage  +    b - scarf {repulsion}
rCorr   .                        K - +2 pair of gloves of Cytz {+Blink rF- Will+++ SInv}
Will    +++++                    Z - +2 pair of boots {rampage}
Stlth   +                        g - amulet of Saheugh {rElec rF- rC+ Regen+ Slay+3}
HPRegen 1.36/turn                L - ring "Royditit" {rPois MP+9 AC+4 Int+5 Stlth-}
MPRegen 0.34/turn                P - ring of Dasekhy {rElec AC+4 Str+2 Stlth+}

@: glowing, studying 2 skills, drained, repel missiles, corroded
A: (nimble swimmer 2), mertail, iridescent scales 1, mutation resistance 1, wild
magic 1
}: 6/15 runes: barnacled, slimy, silver, obsidian, abyssal, gossamer
a: Renounce Religion, Evoke Blink, Divine Shield, Cleansing Flame, Summon Divine
Warrior


You were on level 1 of the Iron City of Dis.
You worshipped the Shining One.
The Shining One was extremely pleased with you.
You visited 16 branches of the dungeon, and saw 67 of its levels.
You visited the Abyss 3 times.
You also visited: Sewer, Ossuary, Bailey and Ice Cave.

You collected 9735 gold pieces.
You spent 4654 gold pieces at shops.

Inventory:

Hand Weapons
 q - a +5 demon trident of protection
 H - the +18 lance "Wyrmbane" (weapon) {slay drac, rPois rF+ rC+ AC+3}
   (You found it on level 5 of the Vaults)

   AC:        It affects your AC (+3).
   rF:        It protects you from fire.
   rC:        It protects you from cold.
   rPois:     It protects you from poison.
Missiles
 f - 72 poisoned darts (quivered)
Armour
 b - a scarf of repulsion (worn)
 u - a +3 buckler of positive energy (worn)
 x - the +0 helmet of Terror (worn) {*Corrode *Slow rF++ rC+++}
   (You found it on level 3 of the Elven Halls)

   rF:        It greatly protects you from fire.
   rC:        It renders you almost immune to cold.
   *Corrode:  It may corrode you when you take damage.
   *Slow:     It may slow you when you take damage.
 G - +5 steam dragon scales (worn)
 K - the +2 pair of gloves of Cytz (worn) {+Blink rF- Will+++ SInv}
   (You found it on level 5 of the Vaults)

   rF:        It makes you vulnerable to fire.
   SInv:      It lets you see invisible.
   +Blink:    It lets you blink.
   Will:      It greatly increases your willpower.
 Z - a +2 pair of boots of rampaging (worn)
Jewellery
 g - the amulet of Saheugh (around neck) {rElec rF- rC+ Regen+ Slay+3}
   (You took it off an orc on level 4 of the Dungeon)

   [amulet of regeneration]

   Slay:      It affects your accuracy & damage with ranged weapons and melee
   (+3).
   rF:        It makes you vulnerable to fire.
   rC:        It protects you from cold.
   rElec:     It insulates you from electricity.
   Regen:     It increases your rate of health regeneration.
 n - the amulet of Vitality {RegenMP++ Regen++}
   (You found it on level 3 of the Shoals)

   [amulet of magic regeneration]

   It increases your rate of magic regeneration.
   Regen:     It increases your rate of health regeneration.
   The Shining One disapproves of the use of such an item.
 s - the ring "Qaphurri" {+Blink rC+ rN+ Will+ SInv}
   (You took it off a balrug on level 7 of Gehenna)

   [ring of see invisible]

   rC:        It protects you from cold.
   rN:        It protects you from negative energy.
   SInv:      It lets you see invisible.
   +Blink:    It lets you blink.
   Will:      It increases your willpower.
 A - a +6 ring of dexterity
 B - a ring of positive energy
 L - the ring "Royditit" (left hand) {rPois MP+9 AC+4 Int+5 Stlth-}
   (You took it off a white draconian in an ice cave)

   [ring of protection]

   AC:        It affects your AC (+4).
   Int:       It affects your intelligence (+5).
   rPois:     It protects you from poison.
   MP:        It affects your magic capacity (+9).
   Stlth:     It makes you less stealthy.
 P - the ring of Dasekhy (right hand) {rElec AC+4 Str+2 Stlth+}
   (You acquired it on level 1 of the Elven Halls)

   [ring of protection]

   AC:        It affects your AC (+4).
   Str:       It affects your strength (+2).
   rElec:     It insulates you from electricity.
   Stlth:     It makes you more stealthy.
 V - a ring of flight
Wands
 a - a wand of flame (44)
 l - a wand of paralysis (39)
 v - a wand of roots (53)
 C - a wand of mindburst (45)
 D - a wand of digging (4)
 X - a wand of acid (27)
Scrolls
 c - 3 scrolls of silence
 e - 4 scrolls of amnesia
 m - 9 scrolls of fear
 o - 35 scrolls of teleportation
 r - a scroll of enchant armour
 y - a scroll of blinking
 F - 15 scrolls of poison
 M - 2 scrolls of summoning
 N - 7 scrolls of magic mapping
 Q - 4 scrolls of fog
 S - 37 scrolls of identify
Potions
 d - 11 potions of ambrosia
 h - 33 potions of curing
 i - 10 potions of flight
 j - 5 potions of brilliance
 k - 7 potions of cancellation
 t - 8 potions of resistance
 I - 7 potions of heal wounds
 O - 6 potions of invisibility
 U - 6 potions of might
 W - 4 potions of haste
Miscellaneous
 p - the horn of Geryon
 w - a phantom mirror
 z - a condenser vane
 E - a tin of tremorstones (2/2)
 J - a lightning rod (4/4)


   Skills:
 + Level 22.9 Fighting
 - Level 23.7 Polearms
 - Level 6.6 Armour
 O Level 27 Dodging
 - Level 2.1 Stealth
 - Level 7.0 Shields
 + Level 19.8 Spellcasting
 - Level 18.7 Conjurations
 O Level 27 Ice Magic
 - Level 5.6 Air Magic
 - Level 5.0 Poison Magic
 * Level 10.7 Invocations


You had 22 spell levels left.
You knew the following spells:

 Your Spells              Type           Power      Damage    Failure   Level
a - Ozocubu's Refrigerat  Ice            65%        4d22      1%          7
c - Ozocubu's Armour      Ice            100%       N/A       1%          3
f - Hailstorm             Conj/Ice       100%       3d20      1%          3
g - Freezing Cloud        Conj/Ice/Air   54%        6-21      1%          5
h - Airstrike             Air            36%        2d(6-22)  3%          4
i - Polar Vortex          Ice            65%        N/A       4%          9
j - Swiftness             Air            72%        N/A       1%          3
k - Orb of Destruction    Conj           56%        9d14      1%          7
l - Blink                 Tloc           78%        N/A       4%          2

Your spell library contained the following spells:

 Spells                   Type           Power      Damage    Failure   Level
 Freeze                   Ice            100%       1d10      1%          1
 Shock                    Conj/Air       100%       1d9       1%          1
 Sting                    Tmut/Pois      100%       1d8       1%          1
 Cigotuvi's Dreadful Rot  Necr/Pois/Air  100%       N/A       1%          2
 Ensorcelled Hibernation  Hex/Ice        100%       N/A       1%          2
 Poisonous Vapours        Pois/Air       100%       N/A       1%          2
 Searing Ray              Conj           100%       2d8       1%          2
 Dazzling Flash           Conj/Hex       100%       N/A       1%          3
 Frozen Ramparts          Ice            100%       1d16      1%          3
 Mephitic Cloud           Conj/Pois/Air  87%        N/A       1%          3
 Stone Arrow              Conj/Erth      100%       3d13      1%          3
 Flame Wave               Conj/Fire      86%        2d18      1%          4
 Fulminant Prism          Conj/Hex       43%        3d19      1%          4
 Ice Form                 Ice/Tmut       99%        N/A       1%          4
 Iskenderun's Mystic Bla  Conj/Tloc      86%        2d17      1%          4
 Sticky Flame             Conj/Fire      86%        2d10      1%          4
 Summon Ice Beast         Ice/Summ       99%        N/A       1%          4
 Iskenderun's Battlesphe  Conj           100%       2d15      1%          5
 Simulacrum               Ice/Necr       49%        N/A       1%          6
 Apportation              Tloc           78%        N/A       3%          1
 Necrotise                Necr           100%       1d9       3%          1
 Slow                     Hex            100%       N/A       3%          1
 Summon Small Mammal      Summ           100%       N/A       3%          1
 Spider Form              Tmut/Pois      56%        N/A       3%          3
 Olgreb's Toxic Radiance  Pois           69%        N/A       3%          4
 Call Imp                 Summ           78%        N/A       4%          2
 Lesser Beckoning         Tloc           78%        N/A       4%          2
 Passwall                 Tmut/Erth      32%        N/A       4%          2
 Scorch                   Fire           78%        2d8       4%          2
 Call Canine Familiar     Summ           39%        N/A       8%          3
 Confusing Touch          Hex            39%        N/A       8%          3
 Gell's Gravitas          Tloc           39%        N/A       8%          3
 Inner Flame              Hex/Fire       39%        N/A       8%          3
 Portal Projectile        Hex/Tloc       78%        N/A       8%          3
 Summon Guardian Golem    Hex/Summ       39%        N/A       8%          3
 Teleport Other           Tloc           39%        N/A       8%          3
 Tukima's Dance           Hex            39%        N/A       8%          3
 Vampiric Draining        Necr           39%        2d8       8%          3
 Volatile Blastmotes      Fire/Tloc      78%        2d16      8%          3
 Summon Lightning Spire   Summ/Air       58%        N/A       8%          4
 Iron Shot                Conj/Erth      43%        9d8       8%          6
 Starburst                Conj/Fire      43%        6d12      8%          6
 Silence                  Hex/Air        29%        N/A       19%         5
 Anguish                  Hex/Necr       19%        N/A       22%         4
 Animate Armour           Summ/Erth      78%        N/A       22%         4
 Dispel Undead            Necr           39%        3d16      22%         4
 Leda's Liquefaction      Hex/Erth       19%        N/A       22%         4
 Manifold Assault         Tloc           39%        N/A       22%         4
 Passage of Golubria      Tloc           39%        N/A       22%         4
 Alistair's Intoxication  Tmut/Pois      37%        N/A       22%         5
 Spellforged Servitor     Conj/Summ      43%        N/A       36%         7
 Lee's Rapid Deconstruct  Erth           19%        3d11*     47%         5
 Summon Forest            Summ/Tloc      19%        N/A       47%         5
 Summon Mana Viper        Hex/Summ       39%        N/A       47%         5
 Yara's Violent Unravell  Hex/Tmut       19%        3d9       47%         5
 Plasma Beam              Fire/Air       29%        2x1d45    67%         6
 Eringya's Noxious Bog    Tmut/Pois      28%        N/A       71%         6
 Lehudib's Crystal Spear  Conj/Erth      43%        10d10     95%         8
 Death Channel            Necr           19%        N/A       96%         6
 Dispersal                Tloc           19%        N/A       96%         6
 Statue Form              Tmut/Erth      26%        N/A       96%         6
 Summon Cactus Giant      Summ           19%        N/A       96%         6
 Storm Form               Tmut/Air       29%        N/A       99%         7
 Enfeeble                 Hex            19%        N/A       100%        7
 Malign Gateway           Summ/Tloc      19%        N/A       100%        7
 Monstrous Menagerie      Summ           19%        N/A       100%        7
 Summon Hydra             Summ           19%        N/A       100%        7
 Discord                  Hex            19%        N/A       100%        8
 Ignition                 Fire           19%        3d7       100%        8
 Maxwell's Capacitive Co  Air            36%        ∞         100%        8
 Summon Horrible Things   Summ           19%        N/A       100%        8
 Chain Lightning          Conj/Air       47%        3d63      100%        9
 Fire Storm               Conj/Fire      43%        8d11      100%        9
 Shatter                  Erth           19%        3d18*     100%        9


Dungeon Overview and Level Annotations

Branches:
Dungeon (15/15)            Temple (1/1) D:5            Lair (5/5) D:8
 Shoals (4/4) Lair:3       Spider (4/4) Lair:3        Slime (5/5) Lair:5
    Orc (2/2) D:11            Elf (3/3) Orc:2        Vaults (5/5) D:13
  Crypt (3/3) Vaults:2       Tomb (0/3) Crypt:3      Depths (4/4) D:15
   Hell (visited)             Dis (1/7) Hell            Geh (7/7) Hell
    Coc (0/7) Hell            Tar (6/7) Hell            Zot (1/5) Depths:4
  Sewer (visited)         Ossuary (visited)          Bailey (visited)
  IceCv (visited)

Altars:
Ashenzari
Cheibriados
Dithmenos
Elyvilon
Fedhas
Gozag
Hepliaklqana
Kikubaaqudgha
Makhleb
Nemelex Xobeh
Okawaru
Qazlal
Ru
Sif Muna
Trog
Uskayaw
Vehumet
Wu Jian
Xom
Yredelemnul
Zin
The Shining One
Jiyva

Shops:
D:2 =   D:9 :   D:13 **[(   Orc:2 [?(([   Elf:1 (   Vaults:1 :   Vaults:2 *
Vaults:3 *   Depths:1 *[:   Depths:3 =(

Portals:
Hell: Lair:5 Depths:1 Depths:2 Depths:3 Depths:4
Abyss: Depths:3
Pandemonium: Depths:2 Depths:3
Ziggurat: Depths:4

Annotations:
Shoals:3 Unforgiven's ghost, adept AtFi
Crypt:3 2 transporters, Dugafar's ghost, adept GrFi
Depths:2 2 transporters, Miownoin's ghost, master GrFi; Tutea's ghost, adept TrMo
Depths:4 5 runed translucent doors


Innate Abilities, Weirdness & Mutations

((You are very nimble when in or above water. (Stealth+, EV+, Speed+++)))
Your lower body shifts to a powerful aquatic tail in water.
You are partially covered in iridescent scales. (AC +2)
You are somewhat resistant to further mutation.
Your spells are a little harder to cast, but a little more powerful.


Message History

You are no longer corroded.
The iron golem completely misses you. The iron golem closely misses you.
You bump into the metal wall.
The ancient champion hits you with a +1 heavy great mace!!
* * * LOW HITPOINT WARNING * * *
The iron golem misses you.
The iron golem hits you but does no damage.
You bump into the metal wall.
The ancient champion hits you with a +1 heavy great mace!!!
* * * LOW HITPOINT WARNING * * *
The iron golem hits you! The Shining One protects you from harm!
The iron golem hits you but does no damage.
Unknown command.
You hit the iron golem but do no damage.
The iron golem is almost destroyed.
The ancient champion closely misses you.
Unknown command.
You hit the iron golem but do no damage.
The iron golem is almost destroyed.
The iron golem hits you but does no damage.
The iron golem barely misses you.
Unknown command.
You bump into the metal wall.
You feel less invigorated.
You feel less confused.
The ancient champion hits you with a +1 heavy great mace!!
The Shining One protects you from harm! The iron golem completely misses you.
The iron golem misses you.
Unknown command.
Activating: Cleansing Flame (5% risk of failure)
Press: ? - help, Dir - look around, f - activate The golden flame engulfs you but does no damage.
You resist.
The golden flame engulfs the ancient champion.
The ancient champion writhes in agony!
The ancient champion is lightly damaged.
The golden flame engulfs the iron golem but does no damage.
The iron golem is almost destroyed.
The ancient champion misses you. The iron golem hits you!
You die...

### ### #### ######.#
#.# #... #......#
#^#######...
#......###......#....
#.......#.......#....
#..†....'.......'....
#.......#.......#....
##....######..#'##+#..
#...9@# #..#....#..
#...z.# #..#....#..
####'## ##'#....##'
... #..#....'.. ....#
###..######.. ......
#.......+.... ........
+.......#.... #.....
#..######.. #..#...
#..


You could see an iron golem and an ancient champion (fast).

Vanquished Creatures
  Asmodeus (Geh:7)
  the Royal Jelly (Slime:5)
  Dissolution (Slime:2)
  the Serpent of Hell (Geh:7)
  7 dread liches
  Mennas (Crypt:1)
  2 ancient liches
  Sojobo (Vaults:5)
  2 Killer Klowns (Zot:1)
  Geryon (Hell)
  5 golden dragons
  3 profane servitors
  9 bone dragons
  9 doom hounds
  5 Tzitzimimeh
  Arachne (Spider:2)
  A shard shrike zombie (Crypt:2)
  A spectral shard shrike (Tar:2)
  6 tentacled monstrosities
  12 Brimstone Fiends
  Asterion (Depths:1)
  16 hellephants
  Rupert (Lair:5)
  4 liches
  6 tainted leviathans
  A shard shrike skeleton (Crypt:1)
  A Hell Sentinel (Dis:1)
  2 deep elf blademasters
  3 titans (Vaults:5)
  3 quicksilver dragons
  30 searing wretches
  16 acid blobs
  2 death cobs (Zot:1)
  2 deep elf master archers (Elf:3)
  Murray (Depths:2)
  12 ancient champions
  A kraken (Shoals:3)
  Agnes (Elf:1)
  Kirke (Lair:3)
  5 tentacled starspawn
  3 sphinxes
  3 revenants
  6 shadow dragons
  8 tengu reavers
  Ilsuiw (Shoals:2)
  4 storm dragons
  2 draconian monks (Zot:1)
  12 rockslimes
  17 fire giants
  3 draconian knights (Zot:1)
  7 emperor scorpions
  4 ghost moths
  18 azure jellies
  7 deep elf sorcerers
  6 curse skulls
  2 quicksilver elementals (Dis:1)
  8 frost giants
  2 draconian scorchers (Zot:1)
  3 spectral caustic shrikes
  4 orc warlords
  A draconian shifter (Depths:4)
  2 iron dragons
  A juggernaut zombie (Crypt:2)
  2 spectral juggernauts
  6 deep elf elementalists
  13 vault wardens
  A caustic shrike zombie (Crypt:1)
  Louise (Elf:1)
  22 ghouls
  19 balrugs
  A spriggan defender (Depths:2)
  2 draconian stormcallers (Depths:4)
  15 very ugly things
  18 quicksilver oozes
  A cacodemon (Hell)
  26 ironbound preservers
  A draconian annihilator (Zot:1)
  8 reapers
  10 stone giants
  3 caustic shrike skeletons
  4 war gargoyles
  A rockslime zombie (Crypt:3)
  10 vampire knights
  8 black draconians
  A quicksilver ooze (shapeshifter) (Vaults:5)
  3 green draconians (Zot:1)
  10 ironbound thunderhulks
  A broodmother (Spider:1)
  Azrael (Spider:2)
  15 dire elephants
  20 putrid mouths
  11 deep elf demonologists
  6 deep elf annihilators
  2 purple draconians (Zot:1)
  A spectral titan (Tar:1)
  5 spark wasps
  4 white draconians
  5 yellow draconians
  6 red draconians
  2 iron golems
  A crystal guardian (Vaults:4)
  5 deep elf death magi
  A green death (Hell)
  11 great orbs of eyes
  8 eidola
  5 merfolk javelineers
  A spectral quicksilver dragon (Tar:1)
  9 ettins
  10 yaktaur captains
  8 deep elf high priests
  6 fire dragons
  5 merfolk impalers
  8 ice dragons
  37 vault guards
  6 entropy weavers
  12 jiangshi
  5 rakshasas
  5 salamander tyrants
  3 hell beasts
  2 spectral spriggans
  A spriggan zombie (Crypt:1)
  2 jorogumos (Spider:4)
  4 merfolk avatars
  3 peacekeepers
  An Orb Guardian zombie (Crypt:2)
  2 catoblepae
  3 death knights
  8 hydras
  7 boulder beetles
  An anaconda (shapeshifter) (Vaults:5)
  5 merfolk aquamancers
  2 two-headed ogres
  A spectral stone giant (Tar:1)
  15 centaur warriors
  A spectral draconian (Tar:1)
  4 spriggan skeletons
  8 stokers
  5 ironbound frosthearts
  5 deep troll shamans
  4 tengu warriors
  24 dancing weapons
  46 hell hogs
  7 radroaches
  3 alligator snapping turtles
  3 vampire magi
  5 spectral dire elephants
  7 thrashing horrors (Abyss:3)
  A titan zombie (Hell)
  8 deep troll earth magi
  4 satyrs
  2 death yaks (Shoals:4)
  A spectral storm dragon (Tar:1)
  7 soul eaters
  2 orc high priests (Elf:2)
  24 deep elf knights
  2 spectral nagas
  8 spriggan berserkers
  12 sun demons
  A storm dragon zombie (Crypt:3)
  A titan skeleton (Hell)
  The ghost of jasper the Spear-Bearer, a novice TeSu of Ashenzari (D:10)
  4 skysharks
  7 spriggans
  9 large abominations
  25 hell knights
  3 pharaoh ants
  12 iron trolls
  26 skeletal warriors
  3 spectral anacondas
  17 sea snakes
  7 shadow wraiths
  2 sea snakes (shapeshifter)
  2 sixfirhies (Hell)
  4 sun moths (Spider:4)
  A glowing orange brain (Depths:2)
  A bunyip zombie (Crypt:1)
  2 anaconda zombies (Hell)
  68 deep trolls
  A quicksilver dragon simulacrum (Depths:2)
  A salamander mystic (Depths:1)
  10 orb spiders
  10 flayed ghosts
  3 bog bodies
  A spectral hydra (Tar:4)
  12 deep elf archers
  A swamp dragon (Abyss:3)
  An iron giant zombie (Crypt:2)
  13 ironbound convokers
  A spriggan simulacrum (Crypt:1)
  A bunyip skeleton (Crypt:1)
  5 starcursed masses (Abyss:3)
  A golden dragon skeleton (Crypt:1)
  23 lindwurms
  2 anaconda skeletons (Hell)
  Pikel (D:4)
  19 phantasmal warriors
  7 wizards
  11 necromancers
  20 orc knights
  2 shadow dragon skeletons
  19 harpies
  25 deep elf pyromancers
  28 deep elf zephyrmancers
  19 wolf spiders
  A steelbarb worm (shapeshifter) (Vaults:5)
  9 steelbarb worms
  20 manticores
  An eleionoma zombie (Crypt:3)
  7 fauns
  3 orc sorcerers
  4 oklob plants
  9 shining eyes
  4 worldbinders
  37 ugly things
  A mana viper (shapeshifter) (Depths:2)
  2 salamanders (Depths:1)
  2 spectral centaurs
  11 moths of wrath
  6 cyclopes
  3 iron dragon skeletons
  5 water nymphs
  4 dire elephant zombies
  4 rust devils (Hell)
  3 ice statues
  12 merfolk sirens
  An apocalypse crab (Abyss:3)
  5 eyes of devastation
  3 gargoyles
  3 smoke demons
  4 black mambas
  13 vault sentinels
  8 demonic crawlers
  A naga mage (D:15)
  13 elephants
  An alligator snapping turtle zombie (Crypt:1)
  4 orange demons
  7 cane toads
  4 centaur skeletons
  3 torpor snails
  12 rime drakes
  9 hellions
  2 kobold demonologists (D:10)
  A grey draconian skeleton (Crypt:2)
  13 yaktaurs
  A redback zombie (Crypt:1)
  A sea snake zombie (Hell)
  2 red devils
  An efreet (Abyss:3)
  10 tormentors
  7 komodo dragons
  A purple draconian skeleton (Crypt:1)
  11 ice devils
  2 tengu conjurers
  8 freezing wraiths
  5 spectral harpies
  A queen bee (Spider:4)
  A queen bee (shapeshifter) (Vaults:5)
  10 ancient zymes
  2 harpy zombies (Crypt:1)
  4 trolls
  4 polar bears
  2 hydra zombies
  6 meliai
  A sea snake skeleton (Hell)
  20 tarantellas
  30 merfolk
  A hydra skeleton (Crypt:1)
  8 wind drakes
  8 hornets
  A wind drake (shapeshifter) (D:14)
  18 blink frogs
  A tarantella (shapeshifter) (D:15)
  3 harpy skeletons
  A raiju (Abyss:3)
  A tarantella zombie (Crypt:2)
  A great orb of eyes zombie (Crypt:3)
  2 alligator zombies (Hell)
  12 snapping turtles
  An ettin skeleton (Crypt:1)
  2 centaur simulacra
  9 flying skulls
  28 jumping spiders
  2 wyverns
  2 ynoxinuls
  A culicivora (shapeshifter) (D:14)
  14 culicivoras
  121 slime creatures
  A guardian serpent skeleton (Crypt:1)
  2 vampires
  8 water elementals
  4 air elementals
  A black mamba zombie (Crypt:1)
  3 ice dragon skeletons
  4 shadows
  6 fire elementals
  3 hogs (Lair:3)
  5 wraiths
  47 yaks
  6 golden eyes (Slime:3)
  2 steam dragons
  5 basilisks
  A neqoxec (Abyss:2)
  66 redbacks
  9 humans (Zot:1)
  5 chaos spawn
  8 vampire mosquitoes
  3 naga zombies
  A faun zombie (Crypt:2)
  4 spatial vortices (Abyss:3)
  A harpy simulacrum (Hell)
  9 wargs
  9 hell hounds
  A floating eye (Lair:4)
  2 acid dragons
  17 water moccasins
  Pargi (Sewer)
  A two-headed ogre skeleton (Crypt:1)
  58 orc warriors
  A naga skeleton (Hell)
  2 hornet zombies (Ossuary)
  An ice beast (D:11)
  2 black bears
  2 meliai simulacra
  9 ogres
  2 wolves (Lair:3)
  A dream sheep zombie (Crypt:1)
  17 centaurs
  A lemure (D:4)
  2 phantoms
  5 earth elementals
  9 kobold brigands
  16 bullfrogs
  A rime drake skeleton (Crypt:3)
  2 gnoll sergeants
  A water moccasin zombie (Ossuary)
  A cyclops zombie (Crypt:2)
  2 wyvern zombies (Ossuary)
  A necrophage (Crypt:1)
  4 scorpions
  10 small abominations
  3 wights
  33 killer bees
  3 lindwurm simulacra (IceCv)
  5 howler monkeys
  6 electric eels
  7 bullfrog zombies
  3 centaur zombies
  A wolf skeleton (Crypt:1)
  2 hounds
  7 komodo dragon simulacra (IceCv)
  14 orc priests
  An iron imp (Abyss:2)
  2 jellies (D:6)
  4 iguanas
  Terence (D:3)
  4 sleepcaps
  12 orc wizards
  4 killer bee zombies (Ossuary)
  A hound zombie (Crypt:2)
  An ogre skeleton (Crypt:1)
  A hound skeleton (Crypt:3)
  11 mummies
  A howler monkey zombie (Ossuary)
  4 acid dragon simulacra (IceCv)
  8 gnolls
  A steam dragon zombie (Crypt:1)
  9 adders
  15 white imps
  6 steam dragon simulacra (IceCv)
  5 ufetubi
  An iguana skeleton (Crypt:1)
  5 worms
  2 dart slugs
  111 orcs
  9 endoplasms
  10 giant cockroaches
  6 goblins
  7 hobgoblins
  A jackal (D:3)
  8 kobolds
  5 quokkas
  9 ball pythons
  5 bats
  2 frilled lizards
  A frilled lizard skeleton (Crypt:2)
  A kobold zombie (D:7)
  A quokka skeleton (Crypt:3)
  7 rats
  5 bushes (Lair:4)
  7 creeping infernos
  52 fire vortices
  3 plants (Vaults:3)
  7 starspawn tentacles
  A withered plant (Tar:5)
2845 creatures vanquished.

Vanquished Creatures (collateral kills)
  Polyphemus (Shoals:4)
  A white draconian (IceCv)
  A radroach (Spider:2)
  A shadow demon (Abyss:2)
  A wolf spider (Spider:1)
  A demonic crawler (Spider:1)
  A merfolk (Shoals:3)
  2 redbacks (Spider:1)
  An ice beast (D:7)
  A bullfrog (D:8)
  A wyvern zombie (Ossuary)
  A small abomination (Abyss:2)
  2 wights (D:10)
  A lindwurm simulacrum (IceCv)
  A killer bee (D:8)
  3 mummies (Ossuary)
  An orc wizard (D:7)
  A white imp (Abyss:2)
  4 orcs
  A kobold zombie (D:7)
  A tentacle (Shoals:3)
28 creatures vanquished.

Vanquished Creatures (others)
  A dread lich (Vaults:5)
  A doom hound (Tar:5)
  A deep elf elementalist (Elf:3)
  A juggernaut zombie (Hell)
  A very ugly thing (Depths:4)
  A white draconian (Depths:4)
  2 spark wasps (Depths:4)
  A black draconian (Depths:4)
  A stoker (Geh:7)
  A wretched star (Abyss:3)
  A rust devil (Hell)
  2 golden eyes (Abyss:3)
  An ettin simulacrum (Tar:5)
  A wolf (Lair:3)
  A small abomination (Abyss:2)
  48 fungi
  196 plants
  11 starspawn tentacles
  11 tentacles (Shoals:3)
  22 withered plants
305 creatures vanquished.

Grand Total: 3178 creatures vanquished

Notes
Turn   | Place    | Note
-------+----------+-------------------------------------------
     0 | D:1      | serber55 the Merfolk Ice Elementalist began the quest for
                  | the Orb.
     0 | D:1      | Reached XP level 1. HP: 13/13 MP: 3/3
   257 | D:1      | Reached XP level 2. HP: 13/20 MP: 1/5
   867 | D:2      | Reached skill level 1 in Fighting
   867 | D:2      | Reached XP level 3. HP: 24/26 MP: 3/6
   871 | D:2      | Learned a level 3 spell: Frozen Ramparts
  1052 | D:2      | Found a faded altar of an unknown god.
  1064 | D:2      | Found Imenlihe's Jewellery Shop.
  1192 | D:2      | Reached skill level 5 in Ice Magic
  2016 | D:3      | Noticed a scorpion
  2016 | D:3      | Found a hide-covered altar of Uskayaw.
  2018 | D:3      | Found a transporter.
  2028 | D:3      | Reached XP level 4. HP: 32/32 MP: 7/7
  2077 | D:3      | Found a transporter.
  2082 | D:3      | Learned a level 3 spell: Ozocubu's Armour
  2263 | D:3      | Noticed Terence
  2284 | D:3      | Killed Terence
  2391 | D:3      | Reached XP level 5. HP: 31/38 MP: 0/9
  3022 | D:4      | Noticed a lemure
  3022 | D:4      | Noticed a lemure
  3319 | D:4      | Noticed a phantom
  3390 | D:4      | Noticed a black bear
  3406 | D:4      | Killed a black bear
  3407 | D:4      | Reached XP level 6. HP: 27/46 MP: 0/10
  3660 | D:4      | Reached XP level 7. HP: 34/52 MP: 1/12
  3857 | D:4      | Noticed Pikel
  4063 | D:4      | Identified the amulet of Saheugh {rElec rF- rC+ Regen+
                  | Slay+3}
  4069 | D:4      | Reached skill level 5 in Dodging
  4213 | D:4      | Gained mutation: You possess an exceptional clarity of
                  | mind. [potion of mutation]
  4340 | D:4      | Killed Pikel
  4341 | D:4      | Reached XP level 8. HP: 38/60 MP: 7/14
  4836 | D:3      | Identified the staff of cold "Siocw" {rC+ Will+ Str-2 Int+2
                  | Dex+4}
  4863 | D:3      | Learned a level 4 spell: Summon Ice Beast
  4891 | D:5      | Entered Level 5 of the Dungeon
  5018 | D:5      | Found a staircase to the Ecumenical Temple.
  5027 | Temple   | Entered the Ecumenical Temple
  5034 | Temple   | Became a worshipper of Vehumet
  5220 | D:5      | Found an ornate altar of the Wu Jian Council.
  5336 | D:5      | Reached skill level 5 in Fighting
  5747 | D:5      | Found a shimmering altar of Xom.
  5747 | D:5      | Found a shimmering blue altar of Sif Muna.
  5748 | D:5      | Found a blossoming altar of Fedhas.
  5878 | D:5      | Found an opulent altar of Gozag.
  6135 | D:6      | Found a glowing drain.
  6139 | Sewer    | Entered a sewer
  6195 | Sewer    | Noticed Pargi
  6201 | Sewer    | Killed Pargi
  6202 | Sewer    | Reached XP level 9. HP: 67/68 MP: 7/16
  6280 | Sewer    | Reached * piety under Vehumet
  6280 | Sewer    | Offered knowledge of Foxfire by Vehumet.
  6524 | D:6      | Found a basalt altar of Yredelemnul.
  6627 | D:6      | Reached skill level 5 in Spellcasting
  6724 | D:6      | Got the Vellum of Vapourous Company
  6729 | D:6      | Learned a level 3 spell: Mephitic Cloud
  7312 | D:6      | Reached skill level 1 in Poison Magic
  7531 | D:7      | Found a sand-covered staircase.
  7542 | Ossuary  | Entered an ossuary
  7558 | Ossuary  | Offered knowledge of Scorch by Vehumet.
  7564 | Ossuary  | Reached skill level 1 in Air Magic
  7575 | Ossuary  | Reached ** piety under Vehumet
  7587 | Ossuary  | Reached skill level 1 in Conjurations
  7995 | Ossuary  | Reached XP level 10. HP: 59/76 MP: 11/18
  8318 | D:7      | Offered knowledge of Hailstorm by Vehumet.
  8323 | D:7      | Learned a level 3 spell: Hailstorm
  8779 | D:7      | Reached *** piety under Vehumet
  8945 | D:8      | Found a staircase to the Lair.
  8971 | D:8      | Reached skill level 10 in Ice Magic
  9528 | D:8      | Offered knowledge of Inner Flame by Vehumet.
 10184 | D:9      | Found a flagged portal.
 10191 | Bailey   | Entered a bailey
 10601 | Bailey   | Reached **** piety under Vehumet
 10983 | Bailey   | Reached XP level 11. HP: 84/84 MP: 11/20
 11026 | Bailey   | Offered knowledge of Ignite Poison by Vehumet.
 11035 | Bailey   | Learned a level 7 spell: Ozocubu's Refrigeration
 11719 | D:9      | Reached skill level 5 in Poison Magic
 11768 | D:9      | Found Xeeps's Vocational Training.
 12244 | D:10     | Entered Level 10 of the Dungeon
 12352 | D:10     | Identified the +8 quarterstaff of the Forgotten Ears
                  | {freeze, Fly Int+2}
 12415 | D:10     | Reached skill level 1 in Armour
 12544 | D:10     | Reached skill level 10 in Dodging
 13050 | D:10     | Found a runed translucent gate.
 13051 | D:10     | Found a runed translucent gate.
 13052 | D:10     | Found a runed translucent gate.
 13053 | D:10     | Noticed jasper's ghost (novice TeSu)
 13334 | D:10     | Reached ***** piety under Vehumet
 13339 | D:10     | Killed jasper's ghost
 13350 | D:10     | Offered knowledge of Sticky Flame by Vehumet.
 13491 | Lair:1   | Entered Level 1 of the Lair of Beasts
 13531 | Lair:1   | Reached XP level 12. HP: 94/94 MP: 3/23
 13833 | Lair:1   | Reached skill level 5 in Conjurations
 15072 | Lair:2   | Reached skill level 5 in Armour
 16019 | Lair:3   | Reached XP level 13. HP: 93/102 MP: 8/25
 16313 | Lair:3   | Found a hole to the Spider Nest.
 16593 | Lair:3   | Noticed Kirke
 16597 | Lair:3   | Reached skill level 10 in Fighting
 16604 | Lair:3   | Killed Kirke
 16832 | Lair:3   | Found a staircase to the Shoals.
 17784 | Lair:4   | Lost mutation: You possess an exceptional clarity of mind.
                  | [potion of mutation]
 17784 | Lair:4   | Gained mutation: You are somewhat resistant to further
                  | mutation. [potion of mutation]
 17785 | Lair:4   | Lost mutation: You are somewhat resistant to further
                  | mutation. [potion of mutation]
 17785 | Lair:4   | Gained mutation: Your magical capacity is low. (-10% MP)
                  | [potion of mutation]
 17785 | Lair:4   | Lost mutation: Your magical capacity is low. (-10% MP)
                  | [potion of mutation]
 17785 | Lair:4   | Gained mutation: You are dopey. (Int -2) [potion of
                  | mutation]
 17785 | Lair:4   | Gained mutation: Your system is resistant to poisons.
                  | (rPois) [potion of mutation]
 17786 | Lair:4   | Lost mutation: You are dopey. (Int -2) [potion of mutation]
 17786 | Lair:4   | Lost mutation: Your system is resistant to poisons. (rPois)
                  | [potion of mutation]
 17786 | Lair:4   | Gained mutation: You are frail. (-10% HP) [potion of
                  | mutation]
 17787 | Lair:4   | Lost mutation: You are frail. (-10% HP) [potion of
                  | mutation]
 17787 | Lair:4   | Gained mutation: Your spells are a little harder to cast,
                  | but a little more powerful. [potion of mutation]
 17787 | Lair:4   | Gained mutation: You are somewhat resistant to further
                  | mutation. [potion of mutation]
 18671 | Lair:4   | Reached skill level 1 in Shields
 19174 | Lair:5   | Entered Level 5 of the Lair of Beasts
 19580 | Lair:5   | Noticed Rupert
 19587 | Lair:5   | Paralysed by Rupert for 3 turns
 20430 | Lair:5   | Found a burning altar of Makhleb.
 20656 | Lair:4   | Reached XP level 14. HP: 98/111 MP: 21/27
 21036 | Lair:5   | Killed Rupert
 22235 | Lair:5   | Found a viscous altar of Jiyva.
 22236 | Lair:5   | Found a staircase to the Slime Pits.
 22398 | Lair:5   | Reached skill level 5 in Shields
 22447 | Lair:5   | Found a gateway to Hell.
 22659 | D:11     | Offered knowledge of Freezing Cloud by Vehumet.
 22700 | D:11     | Learned a level 5 spell: Freezing Cloud
 22989 | D:11     | Found a frozen archway.
 23030 | IceCv    | Entered an ice cave
 23572 | IceCv    | Noticed a white draconian
 23819 | IceCv    | Identified the ring "Royditit" {rPois MP+9 AC+4 Int+5
                  | Stlth-}
 23934 | IceCv    | Killed a white draconian
 24167 | D:11     | Found a staircase to the Orcish Mines.
 24758 | Orc:1    | Entered Level 1 of the Orcish Mines
 24767 | Orc:1    | Noticed an orc warlord
 24830 | Orc:1    | Reached skill level 10 in Spellcasting
 24833 | Orc:1    | Killed an orc warlord
 25104 | Orc:1    | Reached skill level 1 in Polearms
 25272 | Orc:1    | Paralysed by an orc sorcerer for 2 turns
 25282 | Orc:1    | Reached ****** piety under Vehumet
 25282 | Orc:1    | Offered knowledge of Arcjolt by Vehumet.
 25645 | Orc:2    | Entered Level 2 of the Orcish Mines
 26677 | Orc:2    | Found Nonus's Armour Shop.
 26677 | Orc:2    | Found Jaybboal's Weapon Emporium.
 26693 | Orc:2    | Bought a +2 pair of gloves of infusion for 301 gold pieces
 26880 | Orc:2    | Reached XP level 15. HP: 120/120 MP: 29/29
 26900 | Orc:2    | Found Nirhecad's Armour Emporium.
 26941 | Orc:2    | Found Sifamu Leum's Magic Scroll Emporium.
 26966 | Orc:2    | Bought a scroll of enchant weapon for 97 gold pieces
 26966 | Orc:2    | Bought a scroll of enchant armour for 97 gold pieces
 27018 | Orc:2    | Found Callack's Antique Weapon Shop.
 27246 | Orc:2    | Found a staircase to the Elven Halls.
 28129 | D:13     | Reached skill level 5 in Polearms
 28238 | D:13     | Found Hokho's Armour Shop.
 28429 | D:13     | Found Wamaim's Antique Weapon Boutique.
 28554 | D:13     | Offered knowledge of Fireball by Vehumet.
 28781 | D:13     | Found Onuus Guo's Assorted Antiques.
 28789 | D:13     | Bought a scroll of blinking for 247 gold pieces
 28883 | D:13     | Found a gate to the Vaults.
 29501 | D:13     | Found Hajosuj's Assorted Antiques.
 29506 | D:13     | Bought a scroll of magic mapping for 240 gold pieces
 29506 | D:13     | Bought a scroll of enchant weapon for 240 gold pieces
 29506 | D:13     | Bought a potion of heal wounds for 160 gold pieces
 30466 | D:14     | Reached skill level 15 in Ice Magic
 30802 | D:14     | Found a glowing golden altar of the Shining One.
 31050 | D:14     | Found a sparkling altar of Nemelex Xobeh.
 31259 | D:15     | Entered Level 15 of the Dungeon
 32512 | Abyss:2  | Cast into level 2 of the Abyss (a wizard)
 32622 | Abyss:2  | Noticed a tentacled starspawn
 32626 | Abyss:2  | Killed a tentacled starspawn
 32627 | Abyss:2  | Reached XP level 16. HP: 129/129 MP: 18/30
 32715 | Abyss:2  | Noticed a tentacled starspawn
 32839 | Abyss:2  | Upgraded the game from 0.30-a0-996-ga6910c8ee8 to
                  | 0.30-a0-1008-g30c9307041
 32874 | Abyss:2  | Noticed a tentacled starspawn
 32879 | Abyss:2  | Killed a tentacled starspawn
 33128 | Abyss:2  | Paralysed by you for 3 turns
 33249 | Abyss:3  | Noticed a tentacled starspawn
 33607 | D:15     | Escaped the Abyss
 33617 | D:15     | Paralysed by an orc sorcerer for 2 turns
 33697 | D:15     | Reached skill level 10 in Polearms
 33812 | D:15     | Offered knowledge of Eringya's Noxious Bog by Vehumet.
 33825 | D:15     | Found a staircase to the Depths.
 34108 | Shoals:1 | Entered Level 1 of the Shoals
 36037 | Shoals:2 | Noticed Ilsuiw
 36047 | Shoals:2 | Killed Ilsuiw
 37255 | Shoals:3 | Found the amulet of Vitality {RegenMP++ Regen++}
 37374 | Shoals:3 | Reached XP level 17. HP: 137/137 MP: 19/32
 37520 | Shoals:3 | Noticed a kraken
 37643 | Shoals:3 | Killed a kraken
 37822 | Shoals:3 | Found a runed translucent gate.
 37822 | Shoals:3 | Found a runed translucent gate.
 37822 | Shoals:3 | Found a runed translucent gate.
 37899 | Shoals:3 | Reached skill level 15 in Dodging
 38424 | Shoals:3 | Noticed Unforgiven's ghost (adept AtFi)
 38687 | Shoals:3 | Identified the +0 hat of the Several Realms {Will+ rCorr
                  | Str+4 Dex-3}
 39015 | Shoals:4 | Entered Level 4 of the Shoals
 39019 | Shoals:4 | Offered knowledge of Plasma Beam by Vehumet.
 40029 | Shoals:4 | Got a barnacled rune of Zot
 40517 | Shoals:4 | Reached skill level 10 in Conjurations
 40679 | Shoals:4 | Noticed Polyphemus
 40687 | Shoals:4 | Killed Polyphemus
 41926 | Spider:1 | Entered Level 1 of the Spider Nest
 41993 | Spider:1 | Offered knowledge of Conjure Ball Lightning by Vehumet.
 42696 | Spider:1 | Learned a level 4 spell: Airstrike
 44074 | Spider:2 | Reached XP level 18. HP: 146/146 MP: 18/34
 44676 | Spider:2 | Noticed Arachne
 44693 | Spider:2 | Killed Arachne
 45131 | Spider:2 | Reached skill level 5 in Air Magic
 46086 | Spider:2 | Noticed Azrael
 46091 | Spider:2 | Killed Azrael
 46626 | Spider:2 | Identified the +4 long sword of Ykke {pain, *Corrode rPois
                  | Dex+7}
 47432 | Spider:3 | Offered knowledge of Polar Vortex by Vehumet.
 47432 | Spider:3 | Offered knowledge of Maxwell's Capacitive Coupling by
                  | Vehumet.
 47443 | Spider:3 | Learned a level 9 spell: Polar Vortex
 48800 | Spider:4 | Entered Level 4 of the Spider Nest
 50145 | Spider:4 | Reached XP level 19. HP: 154/154 MP: 7/35
 50592 | Spider:4 | Reached skill level 15 in Fighting
 51512 | Spider:4 | Identified the +2 pair of boots "Gobil" {+Inv rElec rPois}
 51542 | Spider:4 | Got a gossamer rune of Zot
 51881 | Elf:1    | Entered Level 1 of the Elven Halls
 52048 | Elf:1    | Identified a scroll of acquirement
 52588 | Elf:1    | Acquired the ring of Dasekhy {rElec AC+4 Str+2 Stlth+}
 53250 | Elf:1    | Identified the +0 helmet "Hewkad" {Drain MP+9 Str+2}
 53399 | Elf:1    | Noticed Agnes
 53402 | Elf:1    | Killed Agnes
 53405 | Elf:1    | Noticed Louise
 53408 | Elf:1    | Killed Louise
 53446 | Elf:1    | Learned a level 3 spell: Swiftness
 53459 | Elf:1    | Found Itibosone's Antique Weapon Shop.
 54406 | Elf:2    | Found a runed translucent gate.
 54843 | Elf:2    | Found a runed translucent gate.
 54844 | Elf:2    | Found a runed translucent gate.
 55423 | Abyss:3  | Cast into level 3 of the Abyss (+2 dire flail of
                  | distortion)
 55532 | Abyss:3  | Found a corrupted altar of Lugonu.
 55551 | Abyss:3  | Found a corrupted altar of Lugonu.
 55579 | Abyss:3  | Found a corrupted altar of Lugonu.
 55592 | Abyss:3  | Reached XP level 20. HP: 94/164 MP: 12/37
 55593 | Abyss:3  | Found a corrupted altar of Lugonu.
 55593 | Abyss:3  | Found a corrupted altar of Lugonu.
 55601 | Abyss:3  | Noticed a dread lich
 55628 | Abyss:3  | Noticed a bone dragon
 55657 | Abyss:3  | Killed a bone dragon
 56057 | Abyss:3  | Got an abyssal rune of Zot
 56104 | Abyss:3  | HP: 5/164 [quicksilver dragon simulacrum (47)]
 56105 | Abyss:3  | Noticed a bone dragon
 56110 | Abyss:3  | Found a corrupted altar of Lugonu.
 56127 | Elf:2    | Escaped the Abyss
 56343 | Elf:2    | Reached skill level 15 in Polearms
 56676 | Elf:3    | Entered Level 3 of the Elven Halls
 57327 | Elf:3    | Identified the +1 battleaxe "Duhafit" {heavy, Dex+4}
 57356 | Elf:3    | Identified the +4 whip of the Final Decision {venom, Str+3
                  | Int+4}
 57357 | Elf:3    | Identified the +10 bardiche "Ematt" {pain, *Slow rPois rC+}
 57677 | Elf:3    | Identified the +3 flail "Hiriros" {spect, rN+ SInv}
 57677 | Elf:3    | Identified the ring of Huntuh {Fire rElec rPois SInv}
 57717 | Elf:3    | Identified the +0 helmet of Terror {*Corrode *Slow rF++
                  | rC+++}
 57730 | Elf:3    | Found the +3 Mad Mage's Maulers {Infuse+∞ VampMP -Cast}
 57739 | Elf:3    | Got Qopaur's Information on Rallying
 57742 | Elf:3    | Got the Handbook of the Icicle
 57887 | Elf:3    | Reached XP level 21. HP: 172/172 MP: 18/39
 58663 | Depths:1 | Entered Level 1 of the Depths
 59473 | Depths:1 | Found Ajeilur's Antique Armour Shoppe.
 59510 | Depths:1 | Bought a fine buckler for 209 gold pieces
 59510 | Depths:1 | Identified the +0 buckler of the Three Princes {+Inv rElec
                  | Int+5} (You bought it in a shop on level 1 of the Depths)
 59595 | Depths:1 | Found Kudomin's Book Emporium.
 59605 | Depths:1 | Bought an Inescapable Atlas for 448 gold pieces
 59605 | Depths:1 | Bought a manual of Dodging for 1120 gold pieces
 59664 | Depths:1 | Found Munuliw's Assorted Antiques.
 59684 | Depths:1 | Bought a scroll of enchant weapon for 247 gold pieces
 59738 | Depths:1 | Noticed Asterion
 59742 | Depths:1 | Killed Asterion
 59983 | Abyss:3  | Found a corrupted altar of Lugonu.
 59983 | Abyss:3  | Cast into level 3 of the Abyss (a wizard)
 59991 | Depths:1 | Escaped the Abyss
 60101 | Depths:1 | Found a snail-covered altar of Cheibriados.
 60647 | Depths:2 | Identified the +8 long sword of Balance {elec, Contam rElec
                  | rC+++ Will-}
 60694 | Depths:2 | Noticed a juggernaut
 60716 | Depths:2 | Noticed Tutea's ghost (adept TrMo)
 60719 | Depths:2 | Noticed Miownoin's ghost (master GrFi)
 60726 | Depths:2 | Found a transporter.
 60730 | Depths:2 | Found a transporter.
 60861 | Depths:2 | Found a one-way gate leading to the halls of Pandemonium.
 61978 | Depths:2 | Reached XP level 22. HP: 181/181 MP: 14/40
 62087 | Depths:3 | Found Geliomann's Weapon Emporium.
 62424 | Depths:3 | Found Pasif's Jewellery Emporium.
 62964 | Depths:3 | Found a one-way gate to the infinite horrors of the Abyss.
 63086 | Depths:4 | Entered Level 4 of the Depths
 63086 | Depths:4 | Found a one-way gateway to a ziggurat.
 63112 | Depths:4 | Got Kogetymn's Dissertation on Familiar Transmutation
 63159 | Depths:4 | Identified the +4 dagger "Xeduex" {vamp, rElec}
 63533 | Depths:4 | Noticed a golden dragon
 63545 | Depths:4 | Killed a golden dragon
 63608 | Depths:4 | Noticed a golden dragon
 63619 | Depths:4 | Killed a golden dragon
 63728 | Depths:4 | Found a runed translucent door.
 63728 | Depths:4 | Found a runed translucent door.
 63760 | Depths:4 | Reached skill level 15 in Spellcasting
 63769 | Depths:4 | Noticed a golden dragon
 63779 | Depths:4 | Noticed a golden dragon
 63784 | Depths:4 | Killed a golden dragon
 63789 | Depths:4 | Killed a golden dragon
 63896 | Depths:4 | Found a runed translucent door.
 63924 | Depths:4 | Found a runed translucent door.
 63924 | Depths:4 | Found a runed translucent door.
 64112 | Depths:4 | Found a hide-covered altar of Uskayaw.
 64172 | Depths:4 | Found a gate to the Realm of Zot.
 64201 | Depths:4 | Found a runed translucent door.
 64797 | Vaults:1 | Entered Level 1 of the Vaults
 65023 | Vaults:1 | Learned a level 7 spell: Orb of Destruction
 65854 | Vaults:1 | Reached XP level 23. HP: 186/189 MP: 30/42
 66180 | Vaults:1 | Found Xupnaaf's Book Boutique.
 66429 | Vaults:2 | Found Mugig's General Store.
 66726 | Vaults:2 | Found a staircase to the Crypt.
 66805 | Vaults:2 | Noticed a dread lich
 66828 | Vaults:2 | Paralysed by a dread lich for 5 turns
 66836 | Vaults:2 | Killed a dread lich
 67458 | Vaults:3 | Found Xytuak's Assorted Antiques.
 67526 | Vaults:3 | Bought a scroll of acquirement for 1248 gold pieces
 67526 | Vaults:3 | Acquired the ring "Cibuejed" {Will++ AC+4 Dex+2 Stlth-}
 69309 | Vaults:4 | Reached XP level 24. HP: 199/199 MP: 32/42
 69872 | Vaults:4 | Learned a level 2 spell: Blink
 70205 | Vaults:5 | Entered Level 5 of the Vaults
 70311 | Vaults:5 | Noticed a dread lich
 70398 | Vaults:5 | Killed a dread lich
 71252 | Vaults:5 | Reached XP level 25. HP: 207/207 MP: 43/43
 71371 | Vaults:5 | Noticed Sojobo
 71376 | Vaults:5 | Killed Sojobo
 71415 | Vaults:5 | Found the +8 lance "Wyrmbane" {slay drac, rPois rF+ rC+
                  | AC+3}
 71462 | Vaults:5 | Identified the staff of poison "Lempiam" {rPois rF+}
 71622 | Vaults:5 | Noticed a dread lich
 71645 | Vaults:5 | Killed a dread lich
 71845 | Vaults:5 | Identified the +11 plate armour of Uskayaw's Approval {rC+
                  | Regen+ Int+4}
 71846 | Vaults:5 | Identified the +2 pair of gloves of Cytz {+Blink rF-
                  | Will+++ SInv}
 72186 | Vaults:5 | Identified the staff of death "Iwkid" {rN+ Dex+2}
 72309 | Vaults:5 | Identified the staff of cold "Avuha" {rElec rC+ Will+
                  | Str+4}
 72314 | Vaults:5 | Got the Handbook of Austromancy and Attacks
 72402 | Vaults:5 | Got a silver rune of Zot
 72403 | Vaults:5 | Identified the staff of conjuration "Parr" {rPois rC+
                  | Int-2}
 72735 | Hell     | Entered the Vestibule of Hell
 72736 | Hell     | Noticed Murray
 72736 | Hell     | Noticed Geryon
 72742 | Hell     | Killed Geryon
 72756 | Depths:2 | Killed Murray
 73199 | Hell     | Found a gateway to the ashen valley of Gehenna.
 73264 | Hell     | Found a gateway to the decaying netherworld of Tartarus.
 73303 | Hell     | Found a gateway to the freezing wastes of Cocytus.
 73429 | Hell     | Found a gateway to the Iron City of Dis.
 73845 | Crypt:1  | Entered Level 1 of the Crypt
 73970 | Crypt:1  | Noticed Mennas
 73988 | Crypt:1  | Killed Mennas
 74047 | Crypt:1  | Identified the +0 leather armour of the Hanged Man {Stlth+}
 74688 | Crypt:1  | Reached skill level 15 in Conjurations
 74812 | Crypt:1  | Reached XP level 26. HP: 205/217 MP: 8/44
 76834 | Crypt:3  | Entered Level 3 of the Crypt
 76959 | Crypt:3  | Reached skill level 27 in Ice Magic
 77210 | Crypt:3  | Found a staircase to the Tomb.
 77380 | Crypt:3  | Found a transporter.
 77382 | Crypt:3  | Noticed a dread lich
 77383 | Crypt:3  | Found a transporter.
 77383 | Crypt:3  | Noticed Dugafar's ghost (adept GrFi)
 77974 | Crypt:3  | Noticed a dread lich
 77975 | Crypt:3  | Noticed an ancient lich
 77984 | Crypt:3  | Killed an ancient lich
 77985 | Crypt:3  | Killed a dread lich
 78034 | Crypt:3  | Identified the ring of Miracles {Int+5 Dex+6}
 78054 | Crypt:3  | Identified the +4 battleaxe of Poverty {protect, Str+5}
 78553 | Slime:1  | Entered Level 1 of the Pits of Slime
 78820 | Slime:2  | Noticed Dissolution
 78824 | Slime:2  | Killed Dissolution
 80290 | Slime:4  | Reached XP level 27. HP: 226/226 MP: 44/44
 80297 | Slime:4  | Learned a level 6 spell: Simulacrum
 80499 | Slime:5  | Entered Level 5 of the Pits of Slime
 80539 | Slime:5  | Noticed the Royal Jelly
 80685 | Slime:5  | Killed the Royal Jelly
 81065 | Slime:5  | Identified the +6 halberd "Fiogeb" {speed, +Blink rElec}
 81100 | Slime:5  | Identified the +0 leather armour "Mipadogu" {+Inv Fly
                  | Regen+ Str-5 Int+4}
 81121 | Slime:5  | Identified the ring "Tocliabb" {rPois rF- Int+4 Dex+3}
 81133 | Slime:5  | Got a slimy rune of Zot
 81139 | Slime:5  | Identified the ring of Hetaoragh {rC+ AC+4}
 81247 | Slime:5  | Upgraded the game from 0.30-a0-1008-g30c9307041 to
                  | 0.30-a0-1043-g60ff8d5f49
 81361 | Slime:5  | Gained mutation: You are partially covered in iridescent
                  | scales. (AC +2) [a shining eye]
 81483 | Slime:5  | Upgraded the game from 0.30-a0-1043-g60ff8d5f49 to
                  | 0.30-a0-1053-gbd8d5ba0ad
 81899 | Geh:1    | Entered Level 1 of Gehenna
 82826 | Geh:3    | Noticed an ancient lich
 82826 | Geh:3    | Noticed a dread lich
 82831 | Geh:3    | Noticed a dread lich
 82832 | Geh:3    | Noticed a dread lich
 82858 | Geh:3    | Noticed a dread lich
 82875 | Geh:3    | Killed a dread lich
 82880 | Geh:3    | Killed a dread lich
 82883 | Geh:3    | HP: 7/228 [ancient lich/bolt of acid (57)]
 83062 | Geh:3    | Killed an ancient lich
 83063 | Geh:3    | Killed a dread lich
 83074 | Geh:3    | Killed a dread lich
 84265 | Geh:7    | Entered Level 7 of Gehenna
 84305 | Geh:7    | Reached skill level 27 in Dodging
 85007 | Geh:7    | Noticed the Serpent of Hell
 85015 | Geh:7    | Killed the Serpent of Hell
 85516 | Geh:7    | Identified the +9 long sword of Kyxkinia {drain, rElec rC+}
 85516 | Geh:7    | Identified the ring "Qaphurri" {+Blink rC+ rN+ Will+ SInv}
 85792 | Geh:7    | Found the +13 sceptre of Asmodeus
 85792 | Geh:7    | Noticed Asmodeus
 85812 | Geh:7    | Killed Asmodeus
 85869 | Geh:7    | Got an obsidian rune of Zot
 86005 | Hell     | Upgraded the game from 0.30-a0-1053-gbd8d5ba0ad to
                  | 0.30-a0-1066-g63dfefce0d
 86177 | D:14     | Fell from the grace of Vehumet
 86177 | D:14     | Became a worshipper of the Shining One
 86177 | D:14     | Was placed under penance by the Shining One
 86192 | D:14     | Fell from the grace of the Shining One
 86208 | D:14     | Became a worshipper of the Shining One
 86208 | D:14     | Was placed under penance by the Shining One
 86840 | Tar:1    | Entered Level 1 of Tartarus
 86844 | Tar:1    | Was forgiven by the Shining One
 86979 | Tar:1    | Reached skill level 1 in Invocations
 87067 | Tar:1    | Reached * piety under the Shining One
 87482 | Tar:2    | Reached ** piety under the Shining One
 87951 | Tar:2    | Reached *** piety under the Shining One
 89169 | Tar:4    | Reached skill level 5 in Invocations
 89169 | Tar:4    | Reached **** piety under the Shining One
 89684 | Tar:5    | Reached ***** piety under the Shining One
 90687 | Tar:4    | Lost strength.
 90980 | Zot:1    | Entered Level 1 of the Realm of Zot
 92259 | Zot:1    | Reached skill level 10 in Invocations
 93236 | Dis:1    | Entered Level 1 of the Iron City of Dis
 93595 | Dis:1    | HP: 4/216 [ancient champion/+1 heavy great mace (40)]
 93595 | Dis:1    | The Shining One protects you from harm!
 93598 | Dis:1    | The Shining One protects you from harm!
 93599 | Dis:1    | Slain by an iron golem

Illustrated notes

Levels and vault maps discovered:
D:1:      shiori_arrival_elements, layout_basic, dk_noncrumbling_3
D:2:      layout_loops_corners, shapermc_ecumenical_altar_venn, serial_shops,
          shop
D:3:      layout_loops_ring, gammafunk_temple_overflow_arena,
          grunt_ministairs_9, chequers_serial_rivers_room_b,
          minmay_misc_feat_alley, uniq_terence
D:4:      layout_rooms, chequers_big_river, minmay_pentangle, uniq_pikel
D:5:      wad_pebble_path, layout_loops_corners, nicolae_wu_jian_wuxing_cycle,
          gammafunk_temple_overflow_claw, lemuel_coloured_pillars_altar,
          minmay_temple_entry_waves
D:6:      layout_basic, mainiacjoe_overflow_catwalk, gup_sewer_entry_spiral,
          grunt_ministairs_8, st_stairs_6
D:7:      layout_loops_ring, nicolae_ossuary_entry_giza
D:8:      layout_loops_corners, david_lair_shrubbed
D:9:      layout_small_grid, enter_bailey_2, minivault_21,
          nicolae_shop_vocational
D:10:     layout_layer_cave, gammafunk_ghost_nasty_kobolds,
          palyth_stone_intersect, serial_bayou_lagoon_b
D:11:     layout_small_grid, orc_0_dummy, serial_ice, serial_ice_b,
          serial_ice_e, serial_ice_j, serial_ice_f, portal_ice_cave_entry_imps
D:12:     layout_roguey
D:13:     layout_long_grid, skrybe_vaults_entry_preservation, serial_shops,
          kennysheep_little_box, nicolae_shop_overgrown_old_shop,
          nicolae_lakefront_shop, nicolae_shop_hallway_stairs
D:14:     layout_loops_ring, nemelex_lonely_heart_becter,
          nicolae_tso_carved_into_rock
D:15:     grunt_enter_depths_magical_seal, layout_loops_ring,
          ebering_dispersal_statue_hall, minmay_fractal_squares_diagonal_5
Temple:   minmay_freezing_vapour_temple
Lair:1:   layout_small_grid
Lair:2:   layout_small_grid, grunt_megastairs_4
Lair:3:   layout_misc_corridors, elwin_shoals_entry_rooms,
          nicolae_spider_entry_lesser_pyramids, infiniplex_staircase_pool_2,
          serial_bayou_shore_a, uniq_kirke
Lair:4:   layout_cave_pods, disabler_island
Lair:5:   evil_forest, layout_regular_city, dpeg_slime_entry_enclosed,
          serial_bayou_shore_b, uniq_rupert
Shoals:1: layout_shoals
Shoals:2: layout_shoals, nicolae_shoals_wave_tunnel, uniq_ilsuiw
Shoals:3: layout_shoals, gammafunk_ghost_tricky_traps
Shoals:4: shoals_end_hangedman, layout_shoals, uniq_polyphemus
Spider:1: layout_chambers, nicolae_spider_eight_legs
Spider:2: nicolae_spider_hilbert_zone_7 [nicolae_spider_hilbert_4_sides_1_open,
          nicolae_spider_hilbert_4_sides_1_open,
          nicolae_spider_hilbert_4_sides_1_open,
          nicolae_spider_hilbert_4_sides_1_open,
          nicolae_spider_hilbert_3_sides_1_open,
          nicolae_spider_hilbert_3_sides_1_open,
          nicolae_spider_hilbert_3_sides_1_open,
          nicolae_spider_hilbert_3_sides_1_open,
          nicolae_spider_hilbert_4_sides_1_open,
          nicolae_spider_hilbert_4_sides_1_open,
          nicolae_spider_hilbert_4_sides_1_open,
          nicolae_spider_hilbert_2_sides_1_open,
          nicolae_spider_hilbert_2_sides_1_open,
          nicolae_spider_hilbert_2_sides_1_open,
          nicolae_spider_hilbert_2_sides_1_open,
          nicolae_spider_hilbert_2_sides_1_open,
          nicolae_spider_hilbert_2_sides_1_open], guppyfry_spider_mini_1,
          uniq_azrael, uniq_arachne
Spider:3: layout_spider_delve
Spider:4: grunt_spider_rune_circles, special_room [special_room_bee],
          nicolae_spider_solar_radiation
Slime:1:  layout_caves
Slime:2:  layout_caves, dissolution_awaits
Slime:3:  layout_caves, cheibrodos_slime_lost_civilization_5
Slime:4:  layout_caves
Slime:5
Orc:1:    layout_caves
Orc:2:    st_orc_town, layout_caves, serial_shops,
          nicolae_shop_temple_entry_statues_fountains
Elf:1:    minmay_elf_arrival_circle, layout_gridlike, serial_shops, shop,
          minmay_elf_demonology, uniq_agnes, uniq_louise
Elf:2:    elven_hall_of_blades_hangedman_original
          [nicolae_blade_entry_diamond_columns], layout_loops_corners,
          special_room [special_room_orc]
Elf:3:    minmay_elf_hall_curves, layout_geoelf_castle, dreamdust_wishing_well
Vaults:1: nicolae_vaults_circle_grid_b, v_misc_13,
          nicolae_vaults_network_quinsquares
          [nicolae_vaults_network_quincunx_subvault,
          nicolae_vaults_network_quincunx_subvault,
          nicolae_vaults_network_quincunx_subvault,
          nicolae_vaults_network_quincunx_subvault], vaults_room_fancy_cross,
          v_misc_1, vaults_room_door_hall, vaults_dpeg_encased_lava,
          layout_vaults_quadrants, serial_shops, shop
Vaults:2: vaults_mumra_lcd, ontoclasm_vaults_twist, vaults_room_grid,
          minmay_crypt_entry_simple_corners, nicolae_vaults_bisected_exclaves,
          nicolae_vaults_three_branches, v_misc_14, v_misc_14,
          vaults_room_glass_cross, vaults_dpeg_doors, hangedman_vaults_slice,
          v_misc_17, layout_vaults_omnicross, serial_shops, shop
Vaults:3: hangedman_vaults_variations, ontoclasm_vaults_ring_square, v_misc_3,
          nicolae_vaults_little_squares_3, v_misc_11,
          nicolae_vaults_little_squares_2, ontoclasm_vaults_loading_screen,
          st_lines, nicolae_vaults_ring_of_whatevers, layout_vaults_big_room,
          serial_shops, nicolae_shop_overgrown_old_shop
Vaults:4: hangedman_vaults_corner, st_smaller_cells, v_rooms_3, v_pattern_3,
          vaults_room_fancy_cross, ontoclasm_vaults_idyll, v_misc_31,
          hangedman_vaults_trim, vaults_room_fours,
          hangedman_vaults_corner_blocks, layout_vaults_omnibox
Vaults:5: serial_shops, uniq_sojobo
Crypt:1:  hangedman_screamer, layout_misc_corridors, uniq_mennas
Crypt:2:  layout_misc_corridors, grunt_megastairs_2
Crypt:3:  david_glass_crypt, layout_chaotic_city, tomb_entry_forgotten_bobbens,
          gammafunk_ghost_arena, serial_sigils_hangedman_clutch
Depths:1: layout_honeycomb, hellmouth_3, serial_shops, shop, shop,
          nicolae_shop_temple_entry_statues_fountains, minmay_misc_feat_iff,
          slow_altar_2, uniq_asterion
Depths:2: four-leaf_vault, layout_long_grid, nzn_ghost_randoct,
          nicolae_hexahallways, grunt_mini_vestibule, rand_demon_pan_entry_8
Depths:3: nicolae_hitomezashi [nicolae_hito_row, nicolae_hito_row,
          nicolae_hito_row, nicolae_hito_row, nicolae_hito_row,
          nicolae_hito_row, nicolae_hito_row, nicolae_hito_row,
          nicolae_hito_row, nicolae_hito_row, nicolae_hito_row,
          nicolae_hito_row, nicolae_hito_row, nicolae_hito_row,
          nicolae_hito_row, nicolae_hito_row, nicolae_hito_row,
          nicolae_hito_row], layout_basic, serial_shops,
          nicolae_shop_bloodbath_and_beyond, nicolae_stop_n_shop_1,
          infiniplex_staircase_pillars_3b, abyss_entry, rand_demon_pan_entry_7,
          hell_entry
Depths:4: evilmike_zot_entry_castle, layout_basic, enter_ziggurat_a, hell_entry,
          mu_enter_wizlab_2, nicolae_uskayaw_en_pointe
Hell
Dis:1:    layout_jigsaw
Geh:1:    layout_gehenna_pools_triple
Geh:2:    layout_gehenna_pools_box
Geh:3:    layout_gehenna_pools_basic, nicolae_hells_leichenhalle
Geh:4:    layout_gehenna_pools_basic
Geh:5:    layout_gehenna_lava_caves
Geh:6:    layout_gehenna_pools_triple
Geh:7:    geh_old
Tar:1:    layout_grid_maze
Tar:2:    layout_grid_maze
Tar:3:    layout_catacombs
Tar:4:    layout_grid_maze, nicolae_tar_cuneiform_city
Tar:5:    layout_grid_maze, lemuel_nasty_pond
Tar:6:    layout_grid_maze, nicolae_hells_hurtin_island
Zot:1:    circus_mu, layout_gridlike, hangedman_zot_wheel_spokes

Skill      XL: |  1  2  3  4  5  6  7  8  9 10 11 12 13 14 15 16 17 18 19 20 21 22 23 24 25 26 27 |
---------------+----------------------------------------------------------------------------------+-----
Dodging        | 3 4 6 7 8 9 10 11 13 14 15 16 17 18 19 21 22 24 25 27 | 27.0
Fighting       | 1 2 3 4 5 6 7 8 9 10 11 12 13 14 15 16 17 18 19 20 22 | 22.9
Ice Magic      | 5 6 7 8 9 10 11 12 14 15 17 19 20 21 22 23 24 25 26 27 | 27.0
Spellcasting   | 3 4 5 6 7 8 9 10 11 12 13 14 15 16 17 19 | 19.8
Poison Magic   | 2 4 5 |  5.0
Air Magic      | 2 3 4 5 |  5.6
Conjurations   | 2 3 4 6 7 8 9 10 11 12 13 14 15 16 18 | 18.7
Armour         | 3 5 6 |  6.6
Shields        | 3 5 6 7 |  7.0
Polearms       | 4 8 11 12 13 14 15 16 17 18 19 20 21 23 | 23.7
Invocations    | 10 | 10.7
Stealth        | |  2.1

Action                     |  1- 3 |  4- 6 |  7- 9 | 10-12 | 13-15 | 16-18 | 19-21 | 22-24 | 25-27 || total
---------------------------+-------+-------+-------+-------+-------+-------+-------+-------+-------++-------
  Melee: Short sword       |    43 |    22 |       |       |       |       |       |       |       ||    65
         Flail             |       |    36 |    47 |       |       |       |       |       |       ||    83
         Punch             |       |     1 |     6 |     4 |       |       |       |       |       ||    11
         Tailslap          |       |       |     5 |     1 |       |    13 |       |       |       ||    19
         Staff             |       |       |   311 |   132 |       |       |       |       |       ||   443
         Quarterstaff      |       |       |       |   132 |   328 |       |       |       |       ||   460
         Trident           |       |       |       |       |   187 |   677 |   341 |       |       ||  1205
         Demon trident     |       |       |       |       |       |       |   132 |   408 |    20 ||   560
         Lance             |       |       |       |       |       |       |       |       |  1483 ||  1483
  Throw: Dart              |       |     5 |     3 |     9 |    10 |     1 |       |       |     3 ||    31
   Cast: Freeze            |    41 |    17 |    24 |       |       |       |       |       |       ||    82
         Frozen Ramparts   |     1 |    10 |    41 |    54 |    20 |     9 |     1 |       |       ||   136
         Ozocubu's Armour  |       |     6 |    28 |    47 |    58 |    35 |    26 |    23 |    40 ||   263
         Summon Ice Beast  |       |       |     2 |     8 |    13 |    15 |     2 |       |     1 ||    41
         Hailstorm         |       |       |       |    91 |    44 |    17 |     1 |       |       ||   153
         Ozocubu's Refrige |       |       |       |    16 |   226 |   299 |   513 |   518 |   654 ||  2226
         Mephitic Cloud    |       |       |       |     1 |     7 |     1 |     1 |     2 |       ||    12
         Freezing Cloud    |       |       |       |       |    43 |   236 |    25 |    15 |    39 ||   358
         Airstrike         |       |       |       |       |       |     5 |    33 |    17 |    58 ||   113
         Polar Vortex      |       |       |       |       |       |       |    30 |    62 |   172 ||   264
         Swiftness         |       |       |       |       |       |       |     2 |       |     2 ||     4
         Orb of Destructio |       |       |       |       |       |       |       |     1 |   153 ||   154
         Blink             |       |       |       |       |       |       |       |       |     6 ||     6
 Invoke: Cleansing Flame   |       |       |       |       |       |       |       |       |    19 ||    19
         Divine Shield     |       |       |       |       |       |       |       |       |     3 ||     3
  Evoke: Wand              |       |       |     1 |     3 |     8 |     9 |       |       |       ||    21
         Tin of tremorston |       |       |       |       |     2 |     2 |       |       |       ||     4
         Lightning rod     |       |       |       |       |     2 |    13 |     3 |       |       ||    18
         Piece from Xom's  |       |       |       |       |     1 |       |       |       |       ||     1
         Phantom mirror    |       |       |       |       |       |     2 |       |     1 |     1 ||     4
         Condenser vane    |       |       |       |       |       |       |       |     1 |     1 ||     2
    Use: Potion            |       |     2 |     3 |     6 |    10 |     3 |     6 |     1 |    10 ||    41
         Scroll            |       |     8 |    10 |    14 |    10 |     6 |     9 |     4 |    10 ||    71
   Stab: Sleeping          |    11 |       |     7 |     5 |     2 |       |     1 |       |     2 ||    28
         Distracted        |       |       |     1 |       |     2 |     1 |     2 |       |     1 ||     7
         Confused          |       |       |       |       |     2 |       |     2 |     2 |       ||     6
 Armour: Robe              |    14 |    35 |   122 |    10 |       |       |       |       |       ||   181
         Steam dragon scal |       |       |       |   127 |   268 |   334 |   219 |   156 |   560 ||  1664
         Skin              |       |       |       |       |     2 |       |       |       |       ||     2
  Dodge: Dodged            |    38 |    42 |   427 |   332 |   671 |   536 |   360 |   320 |  1321 ||  4047
         Repelled          |       |       |       |       |       |       |     8 |    16 |    24 ||    48
  Block: Buckler           |       |       |       |       |    59 |   148 |   113 |    88 |   519 ||   927

Table legend: (Time is in decaauts)
 A = Elapsed time spent in this place.
 B = Non-inter-level travel time spent in this place.
 C = Inter-level travel time spent in this place.
 D = Time resting spent in this place.
 E = Time spent auto-exploring this place.
 F = Levels seen in this place.
 G = Mean time per level.
                   A        B        C        D        E       F      G
               +--------+--------+--------+--------+--------+-----+--------+
         Total |  92187 |  83773 |   8414 |  27774 |  38978 |  75 | 1229.2 |
       Dungeon |  19878 |  17401 |   2477 |   3965 |  10442 |  15 | 1325.2 |
        Temple |     12 |     12 |      0 |      0 |      0 |   1 |   12.0 |
          Lair |   9855 |   8603 |   1252 |   3405 |   3688 |   5 | 1971.0 |
        Shoals |   7147 |   6790 |    357 |   3099 |   2418 |   4 | 1786.8 |
   Spider Nest |   9685 |   9487 |    198 |   4786 |   3653 |   4 | 2421.2 |
    Slime Pits |   2985 |   2791 |    194 |    742 |   1416 |   5 |  597.0 |
  Orcish Mines |   2569 |   2334 |    235 |   1152 |    784 |   2 | 1284.5 |
   Elven Halls |   5411 |   5028 |    383 |   1717 |   2253 |   3 | 1803.7 |
        Vaults |   8022 |   7148 |    874 |   1297 |   4519 |   5 | 1604.4 |
         Crypt |   4024 |   3840 |    184 |    923 |   1626 |   3 | 1341.3 |
        Depths |   6231 |   5564 |    667 |   1039 |   3325 |   4 | 1557.8 |
          Hell |   2276 |   2075 |    201 |   1483 |    316 |   1 | 2276.0 |
           Dis |    228 |    228 |      0 |     17 |    124 |   1 |  228.0 |
       Gehenna |   3738 |   3304 |    434 |    586 |   1832 |   7 |  534.0 |
      Tartarus |   3527 |   2618 |    909 |    890 |   1279 |   6 |  587.8 |
           Zot |   1634 |   1591 |     43 |    616 |    660 |   1 | 1634.0 |
         Abyss |   1745 |   1745 |      0 |    668 |    137 |   4 |  436.2 |
         Sewer |    200 |    200 |      0 |      0 |    150 |   1 |  200.0 |
       Ossuary |    616 |    616 |      0 |    144 |     67 |   1 |  616.0 |
        Bailey |   1300 |   1300 |      0 |    680 |    265 |   1 | 1300.0 |
      Ice Cave |   1096 |   1096 |      0 |    562 |     18 |   1 | 1096.0 |
               +--------+--------+--------+--------+--------+-----+--------+

Top non-repeatable levels by time:
  Lair:4: 3152 daAuts
Spider:2: 2892 daAuts
Shoals:4: 2558 daAuts
Spider:3: 2486 daAuts
  Lair:5: 2303 daAuts
    Hell: 2276 daAuts
Spider:1: 2157 daAuts
Spider:4: 2148 daAuts
Depths:2: 2008 daAuts
    D:14: 1966 daAuts
   Elf:2: 1907 daAuts
    D:15: 1894 daAuts
Shoals:3: 1851 daAuts
Vaults:1: 1826 daAuts
   Elf:1: 1764 daAuts
